 Dungeon Crawl Stone Soup version 0.29.0-13-gc9e81de378 (webtiles) character file.

Game seed: 180743552288729977

463 ILmort the Shooter (level 7, -2/52 HPs)
             Began as a Barachi Hunter on Sept 10, 2022.
             Slain by a lemure (5 damage)
             ... led by Pikel
             ... on level 4 of the Dungeon.
             The game lasted 00:12:08 (3994 turns).

ILmort the Shooter (Barachi Hunter)                 Turns: 3994, Time: 00:12:09

Health: -2/52      AC:  4    Str: 13    XL:     7   Next: 7%
Magic:  0/7        EV: 12    Int:  9    God:
Gold:   174        SH:  0    Dex: 17    Spells: 5/6 levels left

rFire   . . .      SeeInvis .   a - +0 shortbow
rCold   . . .      Faith    .   (shield currently unavailable)
rNeg    . . .      Spirit   +   c - +0 leather armour
rPois   .          Reflect  .   (no helmet)
rElec   .          Harm     .   (no cloak)
rCorr   .          Rampage  .   m - +0 pair of gloves
Will    .....                   (no boots)
Stlth   ++........              v - amulet of guardian spirit
HPRegen 0.17/turn               e - ring of flight
MPRegen 0.10/turn               (no ring)

@: unable to hop, flying, invisible, slow
A: amphibious, slowness 1, strong legs 1, +LOS
a: Hop


You were on level 4 of the Dungeon.
You visited 1 branch of the dungeon, and saw 4 of its levels.

You collected 174 gold pieces.

Inventory:

Hand Weapons
 a - a +0 shortbow (weapon)
 b - a +0 short sword
Armour
 c - a +0 leather armour (worn)
 m - a +0 pair of gloves (worn)
Jewellery
 e - a ring of flight (left hand)
 v - an amulet of guardian spirit (around neck)
Scrolls
 h - a scroll of teleportation {unknown}
 i - a scroll of magic mapping {unknown}
 k - a scroll of silence {unknown}
 l - 4 scrolls of identify {unknown}
 o - a scroll of fog {unknown}
 q - a scroll of fear {unknown}
 s - a scroll of enchant weapon {unknown}
 t - a scroll of poison {unknown}
 u - a scroll of blinking {unknown}
 w - 2 scrolls of amnesia {unknown}
Potions
 d - a potion of heal wounds {unknown}
 f - 2 potions of invisibility
 g - a potion of flight
 n - 2 potions of haste {unknown}
 p - a potion of degeneration {unknown}
 r - 2 potions of brilliance {unknown}


   Skills:
 + Level 3.2 Fighting
 + Level 7.6 Ranged Weapons
 + Level 2.9 Dodging
 + Level 1.9 Stealth


You had 5 spell levels left.
You knew the following spells:

 Your Spells              Type           Power      Damage    Failure   Level
a - Necrotise             Necr           0%         1d4       45%         1

Your spell library contained the following spells:

 Spells                   Type           Power      Damage    Failure   Level
 Beastly Appendage        Tmut           0%         N/A       45%         1
 Blink                    Tloc           0%         N/A       61%         2
 Sublimation of Blood     Necr           0%         N/A       61%         2
 Wereblood                Tmut           0%         N/A       61%         2
 Spider Form              Tmut/Pois      0%         N/A       83%         3
 Vampiric Draining        Necr           0%         2d6       83%         3
 Anguish                  Hex/Necr       0%         N/A       99%         4
 Manifold Assault         Tloc           0%         N/A       100%        5
 Storm Form               Tmut/Air       0%         N/A       100%        7


Dungeon Overview and Level Annotations

Branches:
Dungeon (4/15)
 Temple: D:4-7

Altars:
Kikubaaqudgha
Makhleb
Zin

Annotations:
D:3 Pikel


Innate Abilities, Weirdness & Mutations

You are amphibious.
You cover ground slowly.
You can hop short distances.
You have an extended range of vision and can be seen from far away.


Message History

You barely miss the iguana. The iguana bites you.
You barely miss the iguana. The iguana bites you! x2
* * * LOW HITPOINT WARNING * * *
Hop to where?
Boing!
Okay, then.
Really read the scroll of immolation?
As you read the scroll of immolation, it crumbles to dust.
The creatures around you are filled with an inner flame!
The kobold hits you with a +0 dagger.
* * * LOW HITPOINT WARNING * * *
The lemure attacks as you move away! The lemure barely misses you.
The kobold attacks as you move away! The kobold hits you with a +0 dagger.
* * * LOW HITPOINT WARNING * * *
The lemure attacks as you move away! The lemure hits you but does no damage.
The kobold attacks as you move away! The kobold barely misses you.
The lemure attacks as you move away! The lemure hits you.
* * * LOW HITPOINT WARNING * * *
The kobold attacks as you move away! The kobold barely misses you.
The kobold throws a stone.
The stone barely misses you. The lemure closely misses you.
The lemure attacks as you move away! The lemure barely misses you.
The lemure attacks as you move away! The lemure misses you.
The kobold throws a stone.
The stone barely misses you. The lemure closely misses you.
The lemure attacks as you move away! The lemure hits you but does no damage.
The lemure attacks as you move away! The lemure hits you.
* * * LOW HITPOINT WARNING * * *
The lemure attacks as you move away! The lemure hits you.
* * * LOW HITPOINT WARNING * * *
The lemure hits you but does no damage.
It was a potion of invisibility.
You fade into invisibility!
The lemure closely misses you.
The kobold throws a stone.
The stone barely misses the lemure.
The stone barely misses you.
It was a potion of flight.
You feel more buoyant. The lemure hits you.
You die...

#.# ##........... #.#
#.########## #.# #.# #
#.# ##'## # #'# ##...##
## ## #.# ##.....## #. #
##.##.###.......## ##.
#.#.....##.........####..
#......5@'.........'<....
#.....K###.........####..
####.#.# ##.......## ##.
# #K#####.>...##### #.
#l##............# #.
#.#.#.##.#'##.##.# #.
#.###..##.#.##.##.# ##
#.# ##......##.##)#### ##
#..##.........†...


You could see a lemure (inner flame, unable to see you) and a kobold (inner
flame, unable to see you).

Vanquished Creatures
  Grinder (D:3)
  A necrophage (D:4)
  A bullfrog (D:4)
  An iguana (D:4)
  6 adders
  3 orcs
  6 bats
  7 endoplasms
  2 giant cockroaches
  4 hobgoblins
  3 jackals (D:2)
  3 kobolds
  7 quokkas
  9 ball pythons
  4 frilled lizards
  7 goblins
  4 rats
69 creatures vanquished.

Notes
Turn   | Place    | Note
-------+----------+-------------------------------------------
     0 | D:1      | ILmort the Barachi Hunter began the quest for the Orb.
     0 | D:1      | Reached XP level 1. HP: 17/17 MP: 1/1
   101 | D:1      | Reached XP level 2. HP: 23/23 MP: 2/2
   680 | D:2      | Reached XP level 3. HP: 28/28 MP: 3/3
   867 | D:2      | Reached skill level 5 in Ranged Weapons
   962 | D:2      | Found a faded altar of an unknown god.
  1036 | D:2      | Prayed at the altar of an unknown god.
  1036 | D:2      | Became a worshipper of Kikubaaqudgha
  1036 | D:2      | Reached * piety under Kikubaaqudgha
  1036 | D:2      | Received a gift from Kikubaaqudgha
  1045 | D:2      | Learned a level 1 spell: Necrotise
  1100 | D:2      | Found a burning altar of Makhleb.
  1649 | D:2      | Fell from the grace of Kikubaaqudgha
  1911 | D:3      | Reached XP level 4. HP: 34/34 MP: 4/4
  2147 | D:3      | Found a glowing silver altar of Zin.
  2165 | D:3      | Noticed Grinder
  2166 | D:3      | Paralysed by Grinder for 5 turns
  2174 | D:3      | Paralysed by Grinder for 4 turns
  2358 | D:3      | Paralysed by Grinder for 5 turns
  2369 | D:3      | Killed Grinder
  2370 | D:3      | Reached skill level 7 in Ranged Weapons
  2370 | D:3      | Reached XP level 5. HP: 14/39 MP: 5/5
  2370 | D:3      | Reached XP level 6. HP: 16/46 MP: 6/6
  2873 | D:4      | Noticed Pikel
  3296 | D:4      | Reached skill level 1 in Stealth
  3593 | D:4      | Reached XP level 7. HP: 13/52 MP: 3/7
  3852 | D:4      | Identified the +1 short sword of Gerot {drain, rPois rN+
                  | Will+}
  3988 | D:4      | HP: 2/52 [lemure[Pikel] (5)]
  3994 | D:4      | Slain by a lemure

Illustrated notes

Levels and vault maps discovered:
D:1:      psy_arrival_radial02, layout_basic, minmay_door_square
D:2:      layout_basic, shapermc_ecumenical_altar_mp_ritualfount, basic_altar,
          hangedman_decor_clover_reticule
D:3:      layout_basic, nicolae_overflow_crystal_walls, kennysheep_nub,
          uniq_grinder
D:4:      minmay_diamond_boxcup, layout_loops_corners, kennysheep_donut,
          roderic_serpentine_path, uniq_pikel

Skill      XL: |  1  2  3  4  5  6 |
---------------+-------------------+-----
Ranged Weapons | 5 7 |  7.6
Stealth        | 1 |  1.9
Fighting       | 3 |  3.2
Dodging        | |  2.9

Action                   |  1- 3 |  4- 6 |  7- 9 || total
-------------------------+-------+-------+-------++-------
Melee: Shortbow          |    33 |       |     9 ||    42
       Short sword       |     9 |    18 |       ||    27
 Fire: Shortbow          |    98 |   108 |    25 ||   231
Invok: Renounce Religion |     1 |       |       ||     1
 Abil: Hop               |       |     4 |     1 ||     5
  Use: Potion            |       |       |     2 ||     2
       Scroll            |       |       |     1 ||     1
Armor: Leather armour    |    32 |    23 |     6 ||    61
Dodge: Dodged            |    53 |    48 |    26 ||   127
